 Dungeon Crawl Stone Soup version 0.30-a0-586-g23e55c9e0a (webtiles) character file.

Game seed: 9701734812060170067

60 wormed the Slasher (level 4, -4/37 HPs)
             Began as a Ghoul Gladiator on Jan 3, 2023.
             Slain by a gnoll
             ... wielding a +0 flail
              (7 damage)
             ... on level 4 of the Dungeon.
             The game lasted 00:02:25 (1158 turns).

wormed the Slasher (Ghoul Gladiator)                Turns: 1158, Time: 00:02:25

Health: -4/37      AC:  7    Str: 17    XL:     4   Next: 6%
Magic:  3/3        EV: 12    Int:  3    God:
Gold:   79         SH:  0    Dex: 12    Spells: 3/3 levels left

rFire   . . .      SeeInvis .    a - +0 long sword
rCold   + . .      Faith    .    (no shield)
rNeg    + + +      Spirit   .    b - +0 leather armour
rPois   ∞          Reflect  .    c - +0 helmet
rElec   .          Harm     .    i - +2 cloak
rCorr   .          Rampage  .    (no gloves)
Will    .....                    (no boots)
Stlth   +                        (no amulet)
HPRegen 0.00/turn                (no ring)
MPRegen 0.08/turn                (no ring)

@: flying, inhibited regen
A: claws 1, cold resistance 1, negative energy resistance 3, inhibited
regeneration, torment resistance 2, devour on kill
a: no special abilities


You were on level 4 of the Dungeon.
You visited 1 branch of the dungeon, and saw 3 of its levels.

You collected 79 gold pieces.

Inventory:

Hand Weapons
 a - a +0 long sword (weapon)
Missiles
 d - 3 throwing nets (quivered)
 e - a javelin
Armour
 b - a +0 leather armour (worn)
 c - a +0 helmet (worn)
 i - a +2 cloak (worn)
Scrolls
 f - 2 scrolls of teleportation {unknown}
 j - a scroll of silence {unknown}
Potions
 g - a potion of haste {unknown}
 h - a potion of flight
 k - a potion of resistance {unknown}
 l - a potion of lignification {unknown}


   Skills:
 + Level 2.6 Fighting
 * Level 3.3 Long Blades
 + Level 2.2 Throwing
 + Level 3.0 Dodging
 + Level 1.0 Shields


You had 3 spell levels left.
You didn't know any spells.
Your spell library contained the following spells:

 Spells                   Type           Power      Damage    Failure   Level
 Blink                    Tloc           0%         N/A       75%         2
 Momentum Strike          Conj/Tloc      0%         3d8       75%         2
 Lesser Beckoning         Tloc           0%         N/A       92%         3


Dungeon Overview and Level Annotations

Branches:
Dungeon (4/15)
 Temple: D:4-7

Altars:


Innate Abilities, Weirdness & Mutations

You are immune to poison.
You have sharp fingernails.
Your flesh is cold resistant. (rC+)
You are immune to negative energy. (rN+++)
You do not regenerate when monsters are visible.
You are immune to unholy pain and torment.
You thrive by killing the living.


Message History

You barely miss the gnoll.
The gnoll is heavily wounded.
The gnoll misses you.
The gnoll hits you with a +1 whip of electrocution.
You barely miss the gnoll.
The gnoll is heavily wounded.
The gnoll hits you with a +1 whip of electrocution.
The gnoll hits you with a +0 flail. The gnoll hits you but does no damage.
The gnoll barely misses you.
You hit the gnoll.
The gnoll is almost dead.
The gnoll closely misses you. The gnoll hits you with a +0 flail.
You completely miss the gnoll.
The gnoll is almost dead.
The gnoll misses you. The gnoll hits you with a +0 flail.
You hit the gnoll but do no damage.
The gnoll is almost dead.
The gnoll hits you with a +1 whip of electrocution.
* * * LOW HITPOINT WARNING * * *
The gnoll closely misses you.
You closely miss the gnoll.
The gnoll is almost dead.
The gnoll hits you but does no damage. The gnoll barely misses you.
You closely miss the gnoll.
The gnoll is almost dead.
The gnoll hits you but does no damage. The gnoll closely misses you.
The gnoll barely misses you.
The gnoll hits you with a +1 whip of electrocution.
* * * LOW HITPOINT WARNING * * *
You barely miss the gnoll.
The gnoll is almost dead.
The gnoll hits you with a +0 flail.
* * * LOW HITPOINT WARNING * * *
The gnoll misses you.
Sorry, you're not good enough to have a special ability.
It was a potion of flight.
You feel very buoyant.
You fly up into the air.
The gnoll hits you but does no damage. The gnoll hits you with a +0 flail!
You die...

###.##...........#
#.##...........#
#..)...........#
#.#............#
#..............#
######.........#
#........#
#.......g#
#......g@#
##########


You could see 2 gnolls.

Vanquished Creatures
  2 gnolls (D:4)
  3 ball pythons
  4 endoplasms
  3 goblins
  4 hobgoblins
  6 jackals
  3 quokkas (D:1)
  5 bats
  3 frilled lizards
  2 kobolds (D:1)
  4 rats
39 creatures vanquished.

Vanquished Creatures (others)
  23 fungi (D:1)
  2 plants (D:1)
25 creatures vanquished.

Grand Total: 64 creatures vanquished

Notes
Turn   | Place    | Note
-------+----------+-------------------------------------------
     0 | D:1      | wormed the Ghoul Gladiator began the quest for the Orb.
     0 | D:1      | Reached XP level 1. HP: 17/17 MP: 0/0
   224 | D:1      | Reached XP level 2. HP: 16/24 MP: 1/1
   571 | D:1      | Reached XP level 3. HP: 29/30 MP: 2/2
  1051 | D:2      | You fall into a shaft and drop 2 floors!
  1081 | D:4      | Noticed a black bear
  1145 | D:4      | Reached skill level 1 in Shields
  1145 | D:4      | Reached XP level 4. HP: 32/37 MP: 3/3
  1158 | D:4      | Slain by a gnoll

Illustrated notes

Levels and vault maps discovered:
D:1:      scummos_arrival_checkerplants, layout_loops_ring, serial_aquarium,
          aquarium_bridge_square [aquarium_subvault_bridge,
          aquarium_subvault_bridge, aquarium_subvault_window,
          aquarium_subvault_bridge], aquarium_window_1, aquarium_window_fake,
          aquarium_window_1, aquarium_view_2e, aquarium_pool_split,
          serial_bayou_ford_a, minmay_tromino_v2
D:2:      layout_basic
D:4:      layout_basic, minmay_misc_feat_five

Skill      XL: |  1  2  3 |
---------------+----------+-----
Throwing       | 2 |  2.2
Long Blades    | 3 |  3.3
Dodging        | 3 |  3.0
Shields        | 1 |  1.0
Fighting       | |  2.6

Action                   |  1- 3 |  4- 6 || total
-------------------------+-------+-------++-------
Melee: Long sword        |   141 |    13 ||   154
       Punch             |     1 |       ||     1
  Use: Potion            |       |     1 ||     1
Armor: Leather armour    |    67 |     5 ||    72
Dodge: Dodged            |   113 |    15 ||   128

Table legend: (Time is in decaauts)
 A = Elapsed time spent in this place.
 B = Non-inter-level travel time spent in this place.
 C = Inter-level travel time spent in this place.
 D = Time resting spent in this place.
 E = Time spent auto-exploring this place.
 F = Levels seen in this place.
 G = Mean time per level.
                   A        B        C        D        E       F      G
               +--------+--------+--------+--------+--------+-----+--------+
         Total |   1204 |   1194 |     10 |      0 |    825 |   3 |  401.3 |
       Dungeon |   1204 |   1194 |     10 |      0 |    825 |   3 |  401.3 |
               +--------+--------+--------+--------+--------+-----+--------+

Top non-repeatable levels by time:
     D:1: 870 daAuts
     D:2: 222 daAuts
     D:4: 112 daAuts
